 Dungeon Crawl Stone Soup version 0.20-a0-548-g4f8a798 (webtiles) character file.

123 kae the Slasher (level 5, -1/42 HPs)
             Began as a Barachian Fighter on Feb 1, 2017.
             Slain by Jessica
             ... wielding a +0 club
              (4 damage)
             ... on level 2 of the Dungeon.
             The game lasted 00:01:17 (1640 turns).

kae the Slasher (Barachian Fighter)                 Turns: 1640, Time: 00:01:18

Health: -1/42      AC:  7    Str: 15    XL:     5   Next: 7%
Magic:  5/5        EV:  6    Int:  7    God:
Gold:   82         SH:  8    Dex: 10    Spells: 4/4 levels left

rFire    . . .     SeeInvis .   a - +0 long sword
rCold    . . .     Gourm    .   b - +0 scale mail
rNeg     . . .     Faith    .   c - +0 shield
rPois    .         Spirit   .   (no helmet)
rElec    .         Reflect  .   (no cloak)
rCorr    .         Harm     .   (no gloves)
MR       .....                  (no boots)
Stlth    ..........             (no amulet)
Regen    0.2/turn               (no ring)
                                (no ring)

@: slow
A: swims, slowness 1, strong legs 1
a: Hop


You were on level 2 of the Dungeon.
You were not hungry.

You visited 1 branch of the dungeon, and saw 2 of its levels.

You collected 82 gold pieces.

Inventory:

Hand Weapons
 a - a +0 long sword (weapon)
Armour
 b - a +0 scale mail (worn)
 c - a +0 shield (worn)
Scrolls
 g - a scroll of teleportation {unknown}
 j - a scroll of amnesia {unknown}
 l - a scroll of identify {unknown}
 m - a scroll of random uselessness {unknown}
Potions
 d - a potion of might
 e - 4 potions of haste {unknown}
 h - 2 potions of brilliance {unknown}
 k - a potion of degeneration {unknown}
Books
 i - a book of Misfortune

   Spells                             Type                      Level
   a - Confusing Touch                Hexes                        1
   b - Confuse                        Hexes                        3
   c - Gell's Gravitas                Hexes/Translocation          3
   d - Petrify                        Transmutation/Earth          4
   e - Metabolic Englaciation         Hexes/Ice                    5
   f - Yara's Violent Unravelling     Hexes/Transmutation          5
Comestibles
 f - a bread ration


   Skills:
 + Level 4.0 Fighting
 * Level 4.3 Long Blades
 + Level 4.1 Armour
 - Level 3.0 Shields


You had 4 spell levels left.
You didn't know any spells.

Dungeon Overview and Level Annotations

Branches:
Dungeon (2/15)

Altars:

Annotations:
D:2 Jessica


Innate Abilities, Weirdness & Mutations

You can swim through water.
You cover ground slowly.
You can hop short distances.


Message History

You block the leopard gecko's attack. Jessica casts a spell at you.
Pain shoots through your body!
* * * LOW HITPOINT WARNING * * *
You barely miss Jessica.
You feel yourself speed up. Jessica hits you but does no damage.
The leopard gecko bites you.
* * * LOW HITPOINT WARNING * * *
Jessica barely misses you. You block the leopard gecko's attack.
You block Jessica's attack. You block the leopard gecko's attack.
You closely miss Jessica. Jessica casts a spell at you.
Pain shoots through your body!
* * * LOW HITPOINT WARNING * * *
The leopard gecko bites you but does no damage.
You hit Jessica.
Jessica is heavily wounded.
Jessica gestures wildly.
Jessica hits you with a club.
You die...

.##.##### ###.....######
.##.# #.....# .##.#
##....# .##.# ###########
##.#.## .##)####..>......#
#..<.#
.........#######.####..#.
# ###.###### #......###.##
##.## #########.#......$
##...######....@@lKb....##
............#######(#.#.#
.##........## #.....#
#.###.####.# ###.#.....
##.#.## ..###### ##.## ###
###


You could see Jessica, a leopard gecko, a bat and a kobold.

Vanquished Creatures
  Natasha (D:2)
  5 adders (D:2)
  A worm (D:2)
  2 dart slugs (D:1)
  A leopard gecko (D:1)
  2 giant cockroaches
  7 goblins
  4 hobgoblins
  3 jackals (D:1)
  A quokka (D:2)
  3 bats (D:1)
  5 frilled lizards
  6 kobolds
  8 rats
49 creatures vanquished.

Notes
Turn   | Place    | Note
-------+----------+-------------------------------------------
     0 | D:1      | kae the Barachian Fighter began the quest for the Orb.
     0 | D:1      | Reached XP level 1. HP: 18/18 MP: 1/1
   176 | D:1      | Reached XP level 2. HP: 24/24 MP: 2/2
   523 | D:1      | Reached XP level 3. HP: 26/29 MP: 3/3
   646 | D:2      | Found a faded altar of an unknown god.
  1254 | D:2      | Reached XP level 4. HP: 37/37 MP: 4/4
  1606 | D:2      | Noticed Natasha
  1614 | D:2      | Killed Natasha
  1614 | D:2      | Reached XP level 5. HP: 39/42 MP: 5/5
  1619 | D:2      | Noticed Jessica
  1640 | D:2      | Slain by Jessica

Vault maps used:
D:1:      denvon_arrival_planthouse
D:2:      wad_river_or_something, chequers_ecumenical_altar_simple_redux,
          uniq_jessica, uniq_natasha

Skill      XL: |  1  2  3  4 |
---------------+-------------+-----
Long Blades    | 3 4 |  4.3
Armour         | 4 |  4.1
Fighting       | 4 |  4.0
Shields        | |  3.0

Action                   |  1- 3 |  4- 6 || total
-------------------------+-------+-------++-------
Melee: Long sword        |   123 |    77 ||   200
  Eat: Chunk             |     2 |     1 ||     3
Armor: Scale mail        |    61 |    37 ||    98
Dodge: Dodged            |    29 |    27 ||    56
Block: Shield            |    63 |    44 ||   107
       Rpst.: Long sword |     4 |     7 ||    11
